 Dungeon Crawl Stone Soup version 0.22.1-2-g9c5b331 (webtiles) character file.

637493 delarado the Sorcerer (level 26, -1/158 HPs)
             Began as a Deep Elf Fire Elementalist on Dec 16, 2018.
             Was the Champion of Vehumet.
             Slain by a tentacled monstrosity (10 damage)
             ... on level 3 of the Realm of Zot on Dec 26, 2018.
             The game lasted 10:51:15 (105732 turns).

delarado the Sorcerer (DEFE)                      Turns: 105732, Time: 10:51:16

Health: -1/158     AC: 14    Str: 10    XL:     26   Next: 96%
Magic:  7/48       EV: 22    Int: 41    God:    Vehumet [******]
Gold:   4103       SH:  8    Dex: 15    Spells: 4/73 levels left

rFire    + + +     SeeInvis .   C - staff of energy
rCold    + + .     Gourm    .   U - +3 buckler {rN+}
rNeg     + . .     Faith    .   L - +2 robe {Archmagi}
rPois    +         Spirit   .   X - +0 helmet of Uveqeaps {*Contam rC++ Str+5}
rElec    .         Reflect  .   G - scarf {rC+ rF+}
rCorr    +         Harm     .   b - +1 pair of gloves of Oroomnun {rPois rF+++ rC- rCorr}
MR       ++...     Rnd*Rage +   I - +1 pair of boots
Stlth    ++++......             y - amulet of the acrobat
HPRegen  0.36/turn              g - +5 ring of protection
MPRegen  0.31/turn              D - +6 ring of intelligence

@: about to teleport, berserk cooldown, slowed, constricted, deflect missiles,
very slow
A: berserk 1, clever 1, low mp 1, screaming 1, MP-powered wands
}: 4/15 runes: decaying, slimy, silver, gossamer
a: Renounce Religion


You were on level 3 of the Realm of Zot.
You worshipped Vehumet.
Vehumet was exalted by your worship.
You were not hungry.

You visited 11 branches of the dungeon, and saw 53 of its levels.
You visited the Abyss 1 time.
You visited 1 bazaar.
You also visited: Trove, Sewer, Ice Cave and Wizlab.

You collected 7280 gold pieces.
You spent 3177 gold pieces at shops.

Inventory:

Armour
 b - the +1 pair of gloves of Oroomnun (worn) {rPois rF+++ rC- rCorr}
   (You found it on level 1 of the Swamp)

   It renders you almost immune to fire.
   It makes you vulnerable to cold.
   It protects you from poison.
   It provides partial protection from all sources of acid and corrosion.
 G - a scarf of resistance (worn)
 I - a +1 pair of boots (worn)
 L - a +2 robe of the Archmagi (worn)
 U - a +3 buckler of positive energy (worn)
 X - the +0 helmet of Uveqeaps (worn) {*Contam rC++ Str+5}
   (You found it on level 5 of the Pits of Slime)

   It affects your strength (+5).
   It greatly protects you from cold.
   It causes magical contamination when unequipped.
Magical Staves
 u - an uncursed staff of conjuration
 C - an uncursed staff of energy (weapon)
Jewellery
 a - an uncursed ring of wizardry
 d - a +1 ring of protection
 g - a +5 ring of protection (left hand)
 p - an uncursed ring of flight
 q - an uncursed ring of positive energy
 y - an amulet of the acrobat (around neck)
 z - the ring "Posyweg" {rPois MR+ EV+3}
   (You found it on level 5 of the Pits of Slime)

   [ring of evasion]

   It affects your evasion (+3).
   It protects you from poison.
   It affects your resistance to hostile enchantments.
 D - a +6 ring of intelligence (right hand)
 E - an uncursed ring of stealth
 V - an uncursed ring of see invisible
Wands
 i - a wand of iceblast (41)
 o - a wand of clouds (18)
 t - a wand of acid (32)
 w - a wand of scattershot (33)
 A - a wand of paralysis (17)
 S - a wand of digging (16)
 Y - a wand of disintegration (28)
Scrolls
 f - 11 scrolls of immolation
 j - 8 scrolls of magic mapping
 k - 11 scrolls of identify
 l - 12 scrolls of fear
 r - a scroll of enchant weapon
 B - 24 scrolls of remove curse
 F - 6 scrolls of teleportation
 J - 7 scrolls of fog
 K - 10 scrolls of blinking
 Z - 3 scrolls of summoning
Potions
 e - 5 potions of curing
 m - a potion of invisibility
 n - 8 potions of cancellation
 x - 2 potions of resistance
 M - 5 potions of haste
 O - a potion of magic
 P - 12 potions of brilliance
 Q - 15 potions of heal wounds
 R - 2 potions of flight
 W - 5 potions of ambrosia
Miscellaneous
 s - a phantom mirror
 v - a crystal ball of energy
 T - a fan of gales
Comestibles
 c - 33 rations


   Skills:
 - Level 14.0 Fighting
 - Level 4.1 Staves
 + Level 17.1 Dodging
 - Level 7.2 Stealth
 - Level 4.0 Shields
 + Level 24.2 Spellcasting
 + Level 20.0 Conjurations
 - Level 19.0 Charms
 - Level 6.0 Summonings
 - Level 15.0 Necromancy
 - Level 2.0 Translocations
 + Level 20.0 Fire Magic
 - Level 7.0 Ice Magic
 - Level 6.3 Air Magic
 - Level 18.0 Earth Magic
 + Level 15.9 Evocations


You had 4 spell levels left.
You knew the following spells:

 Your Spells              Type           Power        Failure   Level  Hunger
b - Spellforged Servitor  Conj/Summ      ########..   1%          7    None
c - Sticky Flame          Conj/Fire      ########     0%          4    None
d - Fireball              Conj/Fire      ########..   0%          5    None
e - Blink                 Tloc           N/A          1%          2    None
f - Bolt of Fire          Conj/Fire      ########..   0%          6    None
g - Bolt of Cold          Conj/Ice       ########..   1%          6    None
h - Borgnjor's Vile Clut  Necr/Erth      ########..   0%          5    None
i - Iron Shot             Conj/Erth      ########..   1%          6    None
j - Deflect Missiles      Chrm/Air       ########..   1%          6    None
k - Fire Storm            Conj/Fire      ########..   3%          9    None
l - Lee's Rapid Deconstr  Erth           ########..   0%          5    None
m - Death's Door          Chrm/Necr      ########..   2%          8    None

Your spell library contained the following spells:

 Spells                   Type           Power        Failure   Level  Hunger
 Shatter                  Erth           ########..   7%          9    None
 Glaciate                 Conj/Ice       ########..   36%         9    None
 Animate Skeleton         Necr           N/A          0%          1    None
 Flame Tongue             Conj/Fire      #####        0%          1    None
 Magic Dart               Conj           ####         0%          1    None
 Pain                     Necr           ####         0%          1    None
 Sandblast                Erth           ######       0%          1    None
 Shock                    Conj/Air       ####         0%          1    None
 Sting                    Conj/Pois      ####         0%          1    None
 Passwall                 Tmut/Erth      ########     0%          2    None
 Searing Ray              Conj           ######       0%          2    None
 Shroud of Golubria       Chrm/Tloc      ########..   0%          2    None
 Sublimation of Blood     Necr           ########..   0%          2    None
 Swiftness                Chrm/Air       ########     0%          2    None
 Throw Flame              Conj/Fire      ######       0%          2    None
 Conjure Flame            Conj/Fire      ########     0%          3    None
 Dazzling Spray           Conj/Hex       ######       0%          3    None
 Inner Flame              Hex/Fire       ########     0%          3    None
 Regeneration             Chrm/Necr      ########..   0%          3    None
 Static Discharge         Conj/Air       ########     0%          3    None
 Stone Arrow              Conj/Erth      ######       0%          3    None
 Vampiric Draining        Necr           ########..   0%          3    None
 Animate Dead             Necr           N/A          0%          4    None
 Iskenderun's Mystic Bla  Conj           ########     0%          4    None
 Apportation              Tloc           ######       1%          1    None
 Beastly Appendage        Tmut           ######       1%          1    None
 Confusing Touch          Hex            ######       1%          1    None
 Summon Small Mammal      Summ           ####         1%          1    None
 Call Imp                 Summ           #######.     1%          2    None
 Slow                     Hex            ######..     1%          2    None
 Sticks to Snakes         Tmut           ######..     1%          2    None
 Call Canine Familiar     Summ           #######.     1%          3    None
 Confuse                  Hex            ######..     1%          3    None
 Gell's Gravitas          Tloc           #######...   1%          3    None
 Ignite Poison            Fire/Tmut/Pois ########     1%          3    None
 Mephitic Cloud           Conj/Pois/Air  ########     1%          3    None
 Recall                   Summ/Tloc      N/A          1%          3    None
 Spider Form              Tmut/Pois      ######....   1%          3    None
 Summon Guardian Golem    Hex/Summ       #######.     1%          3    None
 Airstrike                Air            ########..   1%          4    None
 Force Lance              Conj/Tloc      ########     1%          4    None
 Fulminant Prism          Conj/Hex       ########..   1%          4    None
 Ice Form                 Ice/Tmut       #######.     1%          4    None
 Leda's Liquefaction      Hex/Erth       ########..   1%          4    None
 Passage of Golubria      Tloc           N/A          1%          4    None
 Petrify                  Tmut/Erth      ########     1%          4    None
 Summon Ice Beast         Ice/Summ       ########     1%          4    None
 Summon Lightning Spire   Summ/Air       ########     1%          4    None
 Cause Fear               Hex            ######....   3%          4    None
 Bolt of Magma            Conj/Fire/Erth ########..   0%          5    None
 Iskenderun's Battlesphe  Conj/Chrm      ########     0%          5    None
 Irradiate                Conj/Tmut      ########..   1%          5    None
 Lightning Bolt           Conj/Air       ########..   1%          5    None
 Venom Bolt               Conj/Pois      ########..   1%          5    None
 Death Channel            Necr           ########..   1%          6    None
 Freezing Cloud           Conj/Ice/Air   ########..   1%          6    None
 Ozocubu's Refrigeration  Ice            ########..   1%          6    None
 Simulacrum               Ice/Necr       ########..   1%          6    None
 Statue Form              Tmut/Erth      ########.    1%          6    None
 Orb of Destruction       Conj           ########..   1%          7    None
 Metabolic Englaciation   Hex/Ice        #######...   2%          5    None
 Silence                  Hex/Air        #######...   3%          5    None
 Yara's Violent Unravell  Hex/Tmut       ######....   3%          5    None
 Haunt                    Necr/Summ      ########..   4%          7    None
 Borgnjor's Revivificati  Necr           ########..   5%          8    None
 Infestation              Necr           ########..   5%          8    None
 Alistair's Intoxication  Tmut/Pois      ######..     11%         5    None
 Blade Hands              Tmut           ######....   11%         5    None
 Dispersal                Tloc           #######...   26%         6    None
 Darkness                 Hex            ######....   52%         6    None
 Invisibility             Hex            ######..     52%         6    None
 Malign Gateway           Summ/Tloc      #######...   54%         7    None
 Necromutation            Tmut/Necr      ########..   75%         8    None
 Discord                  Hex            ######....   100%        8    None


Dungeon Overview and Level Annotations

Branches:
Dungeon (15/15)            Temple (1/1) D:4            Lair (6/6) D:10
  Swamp (4/4) Lair:4       Spider (4/4) Lair:2        Slime (5/5) Lair:6
    Orc (2/2) D:12            Elf (3/3) Orc:2        Vaults (5/5) D:14
  Crypt (0/3) Vaults:3     Depths (5/5) D:15            Zot (3/5) Depths:5

Altars:
Ashenzari
Cheibriados
Dithmenos
Elyvilon
Fedhas
Gozag
Hepliaklqana
Kikubaaqudgha
Makhleb
Nemelex Xobeh
Okawaru
Qazlal
Ru
Sif Muna
Trog
Uskayaw
Vehumet
Wu Jian
Xom
Yredelemnul
Zin
The Shining One
Beogh
Jiyva
Lugonu

Shops:
D:6 }   D:9 (   D:10 :   D:11 (   Orc:1 *   Orc:2 *}*!   Elf:1 ((   Elf:3 ?
Vaults:1 ?   Vaults:2 (   Vaults:4 (?(%}   Vaults:5 %%%   Depths:2 **}(}

Portals:
Hell: Lair:6 Depths:1 Depths:2 Depths:3 Depths:4 Depths:5
Abyss: Depths:4 Depths:5
Pandemonium: Depths:2 Depths:3
Ziggurat: Depths:1

Annotations:
Lair:4 exclusion: downstairs
Swamp:3 exclusion: downstairs
Elf:2 5 runed doors


Innate Abilities, Weirdness & Mutations

You tend to lose your temper in combat.
Your mind is acute. (Int +2)
Your magical capacity is low. (-10% MP)
You occasionally shout uncontrollably at your foes.
You expend magic power (3 MP) to strengthen your wands.


Message History

* * * LOW HITPOINT WARNING * * *
You block the moth of wrath's attack.
The tentacled monstrosity closely misses you.
The tentacled monstrosity tentacle-slaps you!
* * * LOW HITPOINT WARNING * * *
The tentacled monstrosity misses you.
* * * LOW HITPOINT WARNING * * *
The tentacled monstrosity constricts you!
Found a ring mail.
Okay, then.
The tentacled monstrosity's grasp on you weakens, but your attempt to escape The death cob misses you.
The death cob barely misses you. The death cob hits you.
* * * LOW HITPOINT WARNING * * *
The yellow draconian hits you with a dire flail.
* * * LOW HITPOINT WARNING * * *
The moth of wrath barely misses you.
The death cob hits you but does no damage.
The tentacled monstrosity tentacle-slaps you!
You die...

.. [.#.# .# ...# ...
...###... ....#...
###.......# ###
+.§...# .. #..
#.Xd$.##. #..##
+.y@###. # #...##
#.z....#.# ...<.#
###........# ......#
##.###...##.# ..#...#
#.........# #
..#..>.####........##
# #.....#........###
###....†...#.###
##.##.8..##


You could see a tentacled monstrosity, a yellow draconian, a death cob and a
moth of wrath.

Vanquished Creatures
  Dissolution (Slime:5)
  the Royal Jelly (Slime:5)
  2 ancient liches (Vaults:5)
  A juggernaut (Depths:4)
  Sojobo (Vaults:2)
  Saint Roka (Depths:3)
  A Killer Klown (Zot:3)
  6 caustic shrikes
  2 curse toes
  7 golden dragons
  Nikola (Vaults:3)
  3 bone dragons
  3 electric golems
  7 tentacled monstrosities
  8 liches
  Asterion (Depths:2)
  6 titans (Vaults:5)
  4 deep elf blademasters (Elf:3)
  2 deep elf master archers (Elf:3)
  5 quicksilver dragons
  27 acid blobs
  4 death cobs
  A tentacled starspawn (Abyss:2)
  4 sphinxes
  8 shadow dragons
  4 thorn hunters
  Roxanne (Swamp:1)
  3 draconian monks (Zot:2)
  10 storm dragons
  9 fire giants
  10 tengu reavers
  9 azure jellies
  2 iron dragons (Depths:4)
  A caustic shrike zombie (Depths:3)
  19 vault wardens
  A balrug (Depths:1)
  10 frost giants
  6 deep elf sorcerers
  3 draconian shifters
  3 emperor scorpions (Spider:4)
  An orc warlord (Orc:2)
  4 ghost moths
  2 draconian stormcallers
  2 spriggan defenders (Depths:3)
  2 ghouls
  4 deep elf elementalists
  An entropy weaver (shapeshifter) (Vaults:5)
  15 ironheart preservers
  9 very ugly things
  24 stone giants
  5 green draconians
  2 draconian annihilators
  The ghost of nightchill the Basher, a journeyman GrFi of Okawaru (D:13)
  2 vampire knights
  11 deep elf demonologists
  3 war gargoyles
  3 entropy weavers
  9 black draconians
  8 deep elf annihilators
  2 yellow draconians (Zot:2)
  11 spark wasps
  14 purple draconians
  3 white draconians
  A dire elephant (Lair:6)
  9 statues (WizLab)
  2 red draconians
  15 ettins
  A merfolk javelineer (Depths:2)
  4 crystal guardians
  6 deep elf death magi
  10 death oozes
  Josephine (D:11)
  8 fire dragons
  15 great orbs of eyes
  18 ogre magi
  10 yaktaur captains
  8 deep elf high priests
  2 great orbs of eyes (shapeshifter)
  Fannar (Orc:1)
  A quicksilver dragon skeleton (Depths:3)
  A hell beast (Depths:2)
  35 vault guards
  16 hydras
  10 ice dragons
  6 rakshasas
  A peacekeeper (Vaults:1)
  3 ghost crabs
  A catoblepas (Lair:4)
  An anaconda (shapeshifter) (Vaults:5)
  4 spriggan air magi
  17 alligators
  2 death knights
  16 dancing weapons
  5 deep troll shamans
  3 deep troll earth magi
  8 centaur warriors
  7 orc high priests
  A vampire mage (Depths:2)
  34 two-headed ogres
  6 tengu warriors
  3 thrashing horrors (Abyss:2)
  2 death yaks (IceCv)
  3 shock serpents (Zot:2)
  12 deep elf knights
  A salamander mystic (Depths:1)
  6 hell knights
  2 iron trolls (Depths:5)
  2 spriggan berserkers (Depths:3)
  A shadow wraith (Vaults:3)
  A sun demon (Depths:2)
  A death drake (shapeshifter) (Depths:2)
  2 wretched stars
  8 skeletal warriors
  19 deep trolls
  2 unseen horrors
  7 sixfirhies
  4 glowing orange brains
  A death drake (Swamp:4)
  6 swamp dragons
  2 spriggan druids
  16 deep elf archers
  4 spectral hydras (Swamp:4)
  A flayed ghost (Depths:4)
  An orange crystal statue (Elf:3)
  21 ironbrand convokers
  7 phantasmal warriors
  11 harpies
  Pikel (D:7)
  The ghost of RoboWizard the Cleaver, a novice HOFi (D:5)
  7 wizards
  An orb spider (shapeshifter) (Elf:3)
  12 orc knights
  96 deep elf magi
  13 orb spiders
  4 necromancers
  2 orc sorcerers
  4 oklob plants
  43 wolf spiders
  8 cyclopes
  29 ugly things
  A manticore (shapeshifter) (Vaults:3)
  14 shining eyes
  A fire giant zombie (Depths:3)
  2 salamanders (Depths:1)
  A salamander (shapeshifter) (Vaults:3)
  2 manticores
  An iron dragon skeleton (Depths:3)
  An ice statue (IceCv)
  An apocalypse crab (Abyss:2)
  Joseph (D:7)
  6 elephants (Lair:6)
  A naga mage (D:15)
  15 moths of wrath
  3 guardian serpents (shapeshifter)
  8 black mambas
  A fire giant skeleton (Depths:3)
  3 eyes of devastation
  18 vault sentinels
  A gargoyle (D:13)
  A smoke demon (Abyss:2)
  17 spiny frogs
  An orange demon (Lair:6)
  10 freezing wraiths
  6 hellwings
  2 komodo dragons (shapeshifter)
  9 rime drakes
  A rime drake (shapeshifter) (Vaults:5)
  A hellion (Depths:3)
  11 demonic crawlers
  A kobold demonologist (D:12)
  A spiny frog (shapeshifter) (Depths:5)
  42 yaktaurs
  3 ancient zymes (Abyss:2)
  10 komodo dragons
  5 swamp worm zombies (Swamp:4)
  4 ice devils (Lair:6)
  A red devil (Depths:3)
  9 tyrant leeches
  3 meliai (D:14)
  7 tengu conjurers
  15 polar bears
  2 trolls (shapeshifter)
  2 meliai (shapeshifter)
  8 trolls
  2 hydra zombies (Swamp:4)
  26 jumping spiders
  A hornet (shapeshifter) (Vaults:2)
  6 blink frogs (Lair:6)
  19 hornets
  A merfolk (shapeshifter) (Depths:4)
  A wind drake (shapeshifter) (Vaults:3)
  143 slime creatures
  14 hippogriffs
  2 spectral swamp dragons (Swamp:4)
  3 saltlings (Vaults:1)
  A meliai zombie (D:14)
  A blink frog (shapeshifter) (Vaults:2)
  2 alligator zombies (Swamp:4)
  A hippogriff (shapeshifter) (Vaults:2)
  4 large abominations (Abyss:2)
  13 bog bodies
  4 raiju
  A fire giant simulacrum (Vaults:3)
  3 starcursed masses (Abyss:2)
  A ynoxinul (Depths:2)
  30 tarantellas
  3 spriggans
  2 vampires
  5 centaur simulacra
  A human (shapeshifter) (Vaults:1)
  64 yaks
  6 air elementals
  4 fire bats
  6 wyverns
  A wyvern (shapeshifter) (Depths:2)
  85 redbacks
  9 wraiths
  A yak (shapeshifter) (Abyss:3)
  A shadow (D:14)
  10 water elementals
  A hog (shapeshifter) (Abyss:2)
  17 golden eyes
  A steam dragon (D:9)
  3 fire elementals
  40 vampire mosquitoes
  7 basilisks
  A yaktaur simulacrum (Vaults:2)
  A hungry ghost (D:12)
  7 wargs
  3 acid dragons
  11 insubstantial wisps (Swamp:4)
  A swamp worm (shapeshifter) (Vaults:5)
  A small abomination (Abyss:2)
  4 soldier ants
  8 water moccasins
  7 hell hounds
  9 swamp worms
  6 porcupines
  63 orc warriors
  2 slaves (D:7)
  An ice beast (shapeshifter) (Depths:3)
  9 swamp drakes
  6 eyes of draining
  5 ice beasts
  2 sky beasts
  A black bear (D:8)
  11 phantoms
  24 wolves
  A human zombie (Vaults:2)
  17 boggarts
  2 necrophages
  39 ogres
  4 swamp dragon zombies (Swamp:4)
  12 centaurs
  An elf skeleton (Vaults:2)
  15 crocodiles
  5 big kobolds
  19 bullfrogs
  A gnoll sergeant (D:5)
  2 earth elementals
  A human skeleton (Vaults:2)
  4 troll zombies (D:12)
  11 scorpions
  6 killer bees (D:8)
  2 electric eels
  2 vampire bats (D:8)
  5 wights
  6 howler monkeys
  11 crimson imps
  2 centaur zombies
  A quasit (Depths:3)
  2 bullfrog skeletons (D:13)
  A bullfrog zombie (D:8)
  2 hounds (D:8)
  3 iron imps (Depths:3)
  4 jellies
  34 orc priests
  2 wyvern simulacra (D:13)
  13 orc wizards
  A gnoll shaman (Orc:2)
  Crazy Yiuf (D:3)
  6 centaur skeletons
  Jessica (D:2)
  A spectral swamp drake (Swamp:4)
  6 iguanas
  19 worker ants
  5 lightning spires (Zot:2)
  4 ogre zombies (D:12)
  2 bullfrog simulacra (D:13)
  2 hound zombies
  2 hound skeletons
  Robin (D:3)
  A howler monkey zombie (D:8)
  11 gnolls
  11 adders
  3 river rats (Sewer)
  A swamp drake zombie (Swamp:4)
  6 shadow imps
  3 ufetubi
  2 oozes
  An adder skeleton (D:7)
  3 worms
  A dart slug (D:5)
  6 leopard geckos
  90 orcs
  A bat skeleton (D:8)
  5 bat zombies (D:8)
  10 giant cockroaches
  22 goblins
  13 hobgoblins
  22 kobolds
  A quokka (D:3)
  8 ball pythons
  10 bats
  9 frilled lizards
  A giant cockroach zombie (D:5)
  A goblin skeleton (D:12)
  2 goblin zombies (D:12)
  2 hobgoblin skeletons (D:12)
  3 hobgoblin zombies (D:12)
  A jackal skeleton (D:5)
  3 orc skeletons (D:12)
  14 orc zombies (D:12)
  17 rats
  2 bushes
  3 fire vortices
  6 fungi
  9 plants
2559 creatures vanquished.

Vanquished Creatures (collateral kills)
  Boris (Vaults:3)
  A golden dragon (Zot:1)
  4 tentacled monstrosities
  An acid blob (Slime:5)
  A death cob (Zot:2)
  A draconian monk (Zot:2)
  A frost giant (Depths:4)
  A vault warden (Vaults:2)
  An ironheart preserver (Vaults:2)
  A stone giant (Vaults:5)
  3 purple draconians
  A yellow draconian (Zot:1)
  A white draconian (Zot:2)
  A yaktaur captain (Vaults:5)
  A sixfirhy (Zot:2)
  3 moths of wrath
  A raiju (Zot:2)
  4 slime creatures
  A floating eye (shapeshifter) (Depths:4)
  A floating eye (Depths:2)
  An orc warrior (Depths:3)
  An ogre (Vaults:3)
  A ball lightning (Zot:2)
  An orc (Depths:3)
34 creatures vanquished.

Vanquished Creatures (others)
  A storm dragon (Zot:2)
  A fire dragon (Vaults:2)
  A yaktaur captain (Vaults:3)
  A spriggan druid (Swamp:4)
  A deep elf mage (Elf:2)
  A yaktaur (Vaults:4)
  A spiny frog (Swamp:4)
  4 ball lightnings (Zot:2)
  138 fire vortices
  13 fungi
  27 plants
  20 toadstools (D:3)
209 creatures vanquished.

Grand Total: 2802 creatures vanquished

Notes
Turn   | Place    | Note
-------+----------+-------------------------------------------
     0 | D:1      | delarado the Deep Elf Fire Elementalist began the quest for
                  | the Orb.
     0 | D:1      | Reached XP level 1. HP: 10/10 MP: 6/6
   131 | D:1      | Reached XP level 2. HP: 13/15 MP: 4/8
   230 | D:1      | Found a sparkling altar of Nemelex Xobeh.
   959 | D:1      | Reached XP level 3. HP: 19/19 MP: 7/9
  1454 | D:2      | Noticed Jessica
  1459 | D:2      | Killed Jessica
  1462 | D:2      | Reached XP level 4. HP: 11/24 MP: 2/10
  2102 | D:2      | Learned a level 3 spell: Conjure Flame
  2721 | D:3      | Noticed Robin
  2724 | D:3      | Reached skill level 5 in Fire Magic
  2724 | D:3      | Reached XP level 5. HP: 28/28 MP: 8/11
  2724 | D:3      | Killed Robin
  3067 | D:3      | Learned a level 4 spell: Sticky Flame
  3083 | D:3      | Found a glowing drain.
  3098 | Sewer    | Entered a sewer
  4188 | D:3      | Found a white marble altar of Elyvilon.
  4247 | D:3      | Found a sacrificial altar of Ru.
  4315 | D:3      | Found a faded altar of an unknown god.
  4319 | D:3      | Reached XP level 6. HP: 32/32 MP: 9/12
  4424 | D:3      | Found a runed door.
  4676 | D:3      | Found a blossoming altar of Fedhas.
  4686 | D:3      | Noticed an oklob plant
  4801 | D:3      | Noticed Crazy Yiuf
  4807 | D:3      | Killed Crazy Yiuf
  4948 | D:4      | Found a staircase to the Ecumenical Temple.
  4954 | Temple   | Entered the Ecumenical Temple
  5775 | D:4      | Found a shimmering altar of Xom.
  5776 | D:4      | Found a hazy altar of Hepliaklqana.
  5776 | D:4      | Noticed an insubstantial wisp
  5777 | D:4      | Noticed a spectral ugly thing
  5777 | D:4      | Noticed an insubstantial wisp
  5898 | D:5      | Entered Level 5 of the Dungeon
  5898 | D:5      | Noticed a sky beast
  5927 | D:5      | Noticed a sky beast
  6027 | D:4      | Killed a sky beast
  6523 | D:5      | Killed a sky beast
  6523 | D:5      | Reached skill level 5 in Conjurations
  6523 | D:5      | Reached XP level 7. HP: 28/36 MP: 6/13
  8064 | D:5      | Found a runed gate.
  8064 | D:5      | Found a runed gate.
  8065 | D:5      | Found a roughly hewn altar of Beogh.
  8065 | D:5      | Found a runed gate.
  8066 | D:5      | Noticed RoboWizard's ghost (novice HOFi)
  8233 | D:5      | Reached XP level 8. HP: 41/41 MP: 14/14
  8468 | D:6      | Found Zedgh's Gadget Boutique.
  8784 | D:6      | Learned a level 5 spell: Fireball
  9090 | D:6      | Reached skill level 4 in Spellcasting
  9351 | D:6      | Found a radiant altar of Vehumet.
  9354 | D:6      | Became a worshipper of Vehumet
  9480 | D:6      | Found a shattered altar of Ashenzari.
  9480 | D:6      | Found a hide-covered altar of Uskayaw.
  9661 | D:7      | Killed an unseen horror
  9661 | D:7      | Reached skill level 5 in Spellcasting
  9661 | D:7      | Reached XP level 9. HP: 45/45 MP: 6/19
  9751 | D:7      | Noticed Joseph
  9757 | D:7      | Killed Joseph
  9757 | D:7      | Reached skill level 6 in Spellcasting
  9903 | D:6      | Reached skill level 10 in Fire Magic
 10258 | D:7      | Noticed Pikel
 10289 | D:7      | Killed Pikel
 10289 | D:7      | Reached skill level 7 in Spellcasting
 10468 | D:7      | Found a bloodstained altar of Trog.
 10479 | D:7      | Found a burning altar of Makhleb.
 10806 | D:7      | Reached skill level 8 in Spellcasting
 11722 | D:8      | Noticed a two-headed ogre
 11727 | D:8      | Killed a two-headed ogre
 11727 | D:8      | Reached XP level 10. HP: 49/50 MP: 16/24
 11808 | D:8      | Reached * piety under Vehumet
 11808 | D:8      | Offered knowledge of Sandblast by Vehumet.
 11825 | D:8      | Noticed a two-headed ogre
 11838 | D:8      | Killed a two-headed ogre
 11838 | D:8      | Reached skill level 9 in Spellcasting
 11838 | D:8      | Reached skill level 10 in Conjurations
 11843 | D:8      | You fall through a shaft!
 11911 | D:8      | Reached skill level 5 in Dodging
 12425 | D:8      | Learned a level 2 spell: Blink
 12766 | D:8      | Paralysed by a kobold for 4 turns
 13124 | D:8      | Found an ancient bone altar of Kikubaaqudgha.
 13127 | D:8      | Reached ** piety under Vehumet
 13127 | D:8      | Offered knowledge of Throw Frost by Vehumet.
 13271 | D:8      | Reached skill level 1 in Translocations
 13296 | D:8      | Found a glowing silver altar of Zin.
 13445 | D:8      | Reached skill level 1 in Shields
 13993 | D:9      | Reached skill level 10 in Spellcasting
 14530 | D:9      | Found Lufol's Antique Weapon Emporium.
 14763 | D:10     | Entered Level 10 of the Dungeon
 14864 | D:10     | Found Sired's Book Emporium.
 15110 | D:10     | Reached XP level 11. HP: 54/54 MP: 21/27
 15237 | D:10     | Offered knowledge of Ignite Poison by Vehumet.
 15251 | D:10     | Found a staircase to the Lair.
 15863 | D:10     | Reached *** piety under Vehumet
 16339 | Lair:1   | Entered Level 1 of the Lair of Beasts
 16538 | Lair:1   | Reached skill level 11 in Spellcasting
 17804 | Lair:2   | Offered knowledge of Dazzling Spray by Vehumet.
 17907 | Lair:2   | Noticed a five-headed hydra
 17918 | Lair:2   | Killed a five-headed hydra
 17918 | Lair:2   | Reached skill level 12 in Spellcasting
 18086 | Lair:2   | Found a hole to the Spider Nest.
 19389 | Lair:3   | Reached **** piety under Vehumet
 19485 | Lair:3   | Found a transporter.
 19486 | Lair:3   | Found the amulet of Vitality {Regen+ HP+15}
 19567 | Lair:3   | Found a transporter.
 19574 | Lair:3   | Noticed an eight-headed hydra
 19577 | Lair:3   | Killed an eight-headed hydra
 19577 | Lair:3   | Reached skill level 1 in Fighting
 19577 | Lair:3   | Reached XP level 12. HP: 60/60 MP: 17/30
 19664 | Lair:3   | Reached skill level 10 in Dodging
 20377 | Lair:4   | Noticed a five-headed hydra
 20382 | Lair:4   | Killed a five-headed hydra
 20388 | Lair:4   | Noticed a five-headed hydra
 20522 | Lair:4   | Killed a five-headed hydra
 20522 | Lair:4   | Offered knowledge of Static Discharge by Vehumet.
 20522 | Lair:4   | Reached skill level 13 in Spellcasting
 20730 | Lair:4   | Found a frozen archway.
 20743 | IceCv    | Entered an ice cave
 22117 | IceCv    | Reached ***** piety under Vehumet
 22586 | IceCv    | Noticed a death yak
 22609 | IceCv    | Offered knowledge of Bolt of Magma by Vehumet.
 23010 | IceCv    | Killed a death yak
 23011 | IceCv    | Reached XP level 13. HP: 70/70 MP: 17/32
 23111 | IceCv    | Noticed a frost giant
 23139 | IceCv    | Killed a frost giant
 24027 | Lair:4   | Found a staircase to the Swamp.
 24079 | Lair:4   | Reached skill level 14 in Spellcasting
 26232 | D:5      | Killed RoboWizard's ghost
 26232 | D:5      | Reached skill level 5 in Fighting
 27013 | Lair:5   | Reached skill level 5 in Stealth
 28319 | D:11     | Noticed Josephine
 28324 | D:11     | Killed Josephine
 28426 | D:11     | Found Ajaif's Antique Weapon Shop.
 29367 | D:11     | Reached skill level 15 in Spellcasting
 30517 | D:12     | Reached XP level 14. HP: 80/80 MP: 29/35
 30780 | D:12     | Found a staircase to the Orcish Mines.
 31484 | D:12     | Found a shimmering altar of Xom.
 31875 | Orc:1    | Entered Level 1 of the Orcish Mines
 31890 | Orc:1    | Noticed Fannar
 31892 | Orc:1    | Killed Fannar
 32068 | Orc:1    | Offered knowledge of Throw Icicle by Vehumet.
 32074 | Orc:1    | Reached skill level 1 in Evocations
 32367 | Orc:1    | Found Tetiddif's Assorted Antiques.
 32377 | Orc:1    | Bought a scroll labeled OJUOPLEAME for 30 gold pieces
 32377 | Orc:1    | Bought a scroll of identify for 60 gold pieces
 32377 | Orc:1    | Bought a scroll labeled JEOM ROAVA for 30 gold pieces
 32526 | Orc:2    | Entered Level 2 of the Orcish Mines
 32860 | Orc:2    | Found a staircase to the Elven Halls.
 33012 | Orc:2    | Noticed a stone giant
 33016 | Orc:2    | Killed a stone giant
 33277 | Orc:2    | Noticed an orc warlord
 33289 | Orc:2    | Killed an orc warlord
 35724 | Orc:2    | Offered knowledge of Bolt of Fire by Vehumet.
 35732 | Orc:2    | Learned a level 6 spell: Bolt of Fire
 35776 | Orc:2    | Found Rinusk's Gadget Emporium.
 35776 | Orc:2    | Found Ciotow's Assorted Antiques.
 35777 | Orc:2    | Found Ittalicw's Distillery.
 35777 | Orc:2    | Found Pyt Lixt's General Store.
 35787 | Orc:2    | Bought a potion of heal wounds for 60 gold pieces
 35787 | Orc:2    | Bought a potion of magic for 96 gold pieces
 35787 | Orc:2    | Bought 2 potions of curing for 72 gold pieces
 36190 | Lair:3   | Learned a level 6 spell: Bolt of Cold
 36284 | Lair:6   | Entered Level 6 of the Lair of Beasts
 36303 | Lair:6   | Reached skill level 1 in Ice Magic
 36817 | Lair:6   | Reached skill level 16 in Spellcasting
 37354 | Lair:6   | Found a staircase to the Slime Pits.
 37502 | Lair:6   | Reached XP level 15. HP: 86/86 MP: 6/37
 37887 | Lair:6   | Reached skill level 5 in Evocations
 38677 | Lair:6   | Found a burning altar of Makhleb.
 38685 | Lair:6   | Offered knowledge of Poison Arrow by Vehumet.
 39043 | Lair:6   | Found a gateway to Hell.
 39152 | Lair:6   | Got a faintly glowing whip
 39152 | Lair:6   | Got a slimy arbalest
 39157 | Lair:6   | Identified the +5 whip of Gozag's Approval {slash, Str+2}
                  | (You found it on level 6 of the Lair of Beasts)
 39163 | Lair:6   | Identified the +5 arbalest "Deding" {penet, +Blink} (You
                  | found it on level 6 of the Lair of Beasts)
 40087 | D:13     | Noticed nightchill's ghost (journeyman GrFi)
 40138 | D:13     | Found a runed gate.
 40138 | D:13     | Found a runed gate.
 40138 | D:13     | Found a runed gate.
 41287 | D:14     | Reached ****** piety under Vehumet
 41571 | D:14     | Found a gate to the Vaults.
 42191 | D:14     | Offered knowledge of Spellforged Servitor by Vehumet.
 42665 | D:13     | Killed nightchill's ghost
 43460 | D:15     | Entered Level 15 of the Dungeon
 43937 | D:15     | Reached skill level 17 in Spellcasting
 44037 | D:15     | Found a staircase to the Depths.
 44691 | D:15     | Reached XP level 16. HP: 94/94 MP: 29/39
 45572 | Orc:1    | Bought a thin glowing staff for 360 gold pieces
 45781 | D:11     | Bought a glowing blowgun for 121 gold pieces
 45907 | Swamp:1  | Entered Level 1 of the Swamp
 46041 | Swamp:1  | Got a pair of ancient gloves
 46052 | Swamp:1  | Identified the +1 pair of gloves of Oroomnun {rPois rF+++
                  | rC- rCorr} (You found it on level 1 of the Swamp)
 46314 | Swamp:1  | Offered knowledge of Orb of Destruction by Vehumet.
 46322 | Swamp:1  | Learned a level 5 spell: Borgnjor's Vile Clutch
 46470 | Swamp:1  | Reached skill level 1 in Staves
 46920 | Swamp:1  | Reached skill level 1 in Earth Magic
 46924 | Swamp:1  | Reached skill level 1 in Necromancy
 47142 | Swamp:1  | Noticed Roxanne
 48431 | Swamp:1  | Killed Roxanne
 48552 | Swamp:1  | Identified Roxanne's Handbook of Earth (You took it off
                  | Roxanne on level 1 of the Swamp)
 49347 | Swamp:2  | Noticed a thorn hunter
 49379 | Swamp:2  | Killed a thorn hunter
 50782 | Swamp:3  | Offered knowledge of Conjure Ball Lightning by Vehumet.
 51337 | Swamp:3  | Reached skill level 15 in Fire Magic
 51890 | Swamp:3  | Noticed a thorn hunter
 51891 | Swamp:3  | Killed a thorn hunter
 52026 | Swamp:3  | Noticed a thorn hunter
 52057 | Swamp:3  | Killed a thorn hunter
 52443 | Swamp:4  | Entered Level 4 of the Swamp
 52583 | Swamp:4  | Noticed a thorn hunter
 52600 | Swamp:4  | Killed a thorn hunter
 53368 | Swamp:4  | Reached XP level 17. HP: 100/100 MP: 8/40
 53621 | Swamp:4  | Noticed a bone dragon
 54025 | Swamp:3  | Learned a level 6 spell: Iron Shot
 54126 | Swamp:4  | Reached skill level 18 in Spellcasting
 54798 | Swamp:4  | Killed a bone dragon
 56184 | Spider:1 | Entered Level 1 of the Spider Nest
 56317 | Spider:1 | Reached skill level 10 in Fighting
 56544 | Spider:1 | Offered knowledge of Fire Storm by Vehumet.
 56544 | Spider:1 | Offered knowledge of Glaciate by Vehumet.
 56544 | Spider:1 | Offered knowledge of Shatter by Vehumet.
 57200 | Spider:1 | Reached skill level 15 in Conjurations
 58833 | Spider:2 | Found a roughly hewn altar of Beogh.
 59835 | Spider:3 | Reached skill level 19 in Spellcasting
 60373 | Spider:4 | Entered Level 4 of the Spider Nest
 60896 | Spider:4 | Reached skill level 5 in Earth Magic
 61766 | Spider:4 | Reached XP level 18. HP: 107/107 MP: 28/43
 62258 | Spider:4 | Got a twisted dagger
 62259 | Spider:4 | Identified the cursed +0 dagger of Osinegiqix {speed, rC+
                  | MR+ Stlth-} (You found it on level 4 of the Spider Nest)
 63575 | Spider:4 | Got a gossamer rune of Zot
 63866 | D:10     | Bought a book of Enchantments for 550 gold pieces
 63873 | D:10     | Learned a level 6 spell: Deflect Missiles
 63964 | Elf:1    | Entered Level 1 of the Elven Halls
 63967 | Elf:1    | Reached skill level 1 in Charms
 64095 | Elf:1    | Reached skill level 1 in Air Magic
 64685 | Elf:1    | Reached skill level 5 in Charms
 64884 | Elf:1    | Got a jewelled rapier {freeze}
 65067 | Elf:1    | Identified the +7 rapier of Unuc {freeze, MP+9} (You took
                  | it off a deep elf mage on level 1 of the Elven Halls)
 65462 | Elf:1    | Found Nulan's Weapon Shoppe.
 65473 | Elf:1    | Found Pon Lek's Weapon Shoppe.
 65891 | Elf:1    | Identified the Reference Book on Creative Damage Dealing
 65957 | Elf:2    | Reached skill level 5 in Air Magic
 66734 | Elf:2    | Found a huge runed gate.
 66734 | Elf:2    | Found a huge runed gate.
 66734 | Elf:2    | Found a huge runed gate.
 66734 | Elf:2    | Found a huge runed gate.
 66734 | Elf:2    | Found a huge runed gate.
 66985 | Elf:2    | Got a steaming scimitar
 66986 | Elf:2    | Identified the cursed +1 scimitar of the Inquisitive Beds
                  | {flame, MP+9 Str+2} (You found it on level 2 of the Elven
                  | Halls)
 67038 | Elf:3    | Entered Level 3 of the Elven Halls
 67046 | Elf:3    | Found Ihacwefo's Magic Scroll Shop.
 68290 | Elf:3    | Reached XP level 19. HP: 112/112 MP: 26/44
 68759 | Elf:3    | Got an iridescent falchion {antimagic}
 68760 | Elf:3    | Identified the +5 falchion of Punishment {antimagic, Dex+4}
                  | (You took it off a deep elf death mage on level 3 of the
                  | Elven Halls)
 68786 | Elf:3    | Learned a level 9 spell: Fire Storm
 69402 | Elf:3    | Got a fine jade ring
 69407 | Elf:3    | Got a polished trident {holy}
 69408 | Elf:3    | Identified the ring "Hoemnabi" {rElec rN++ MR- Str+2
                  | Slay+3} (You took it off a deep elf death mage on level 3
                  | of the Elven Halls)
 69414 | Elf:3    | Got a wavering silver amulet
 69415 | Elf:3    | Got a twisted robe
 69416 | Elf:3    | Identified the amulet of the Tempest {Reflect -Tele Str+3
                  | Int+4 SH+3} (You took it off a deep elf death mage on level
                  | 3 of the Elven Halls)
 69432 | Elf:3    | Identified the +2 robe of Pasou {rC+ rCorr Str+3} (You took
                  | it off a deep elf death mage on level 3 of the Elven Halls)
 70627 | Elf:3    | Identified the +10 trident "Pydoli Harr" {holy, *Slow +Inv
                  | Int+8 Dex-4} (You took it off a deep elf death mage on
                  | level 3 of the Elven Halls)
 70718 | Elf:3    | Identified the Grimoire of Confrontation
 71304 | Swamp:4  | Got a decaying rune of Zot
 71638 | Vaults:1 | Entered Level 1 of the Vaults
 71932 | Vaults:1 | Found Dugurr's Magic Scroll Boutique.
 71946 | Vaults:1 | Bought a scroll of amnesia for 45 gold pieces
 71946 | Vaults:1 | Bought a scroll of identify for 26 gold pieces
 71946 | Vaults:1 | Bought a scroll of identify for 26 gold pieces
 71946 | Vaults:1 | Bought a scroll of identify for 26 gold pieces
 71946 | Vaults:1 | Bought a scroll of identify for 26 gold pieces
 72204 | Vaults:1 | Reached skill level 20 in Spellcasting
 73126 | Vaults:1 | Reached XP level 20. HP: 120/120 MP: 33/46
 74131 | Vaults:2 | Cast into level 2 of the Abyss (a deep elf sorcerer)
 74271 | Abyss:2  | Noticed a bone dragon
 74278 | Abyss:2  | Killed a bone dragon
 74706 | Abyss:2  | Gained mutation: You tend to lose your temper in combat.
                  | [potion of mutation]
 74706 | Abyss:2  | Gained mutation: You expend magic power (3 MP) to
                  | strengthen your wands. [potion of mutation]
 74706 | Abyss:2  | Gained mutation: Your magical capacity is low. (-10% MP)
                  | [potion of mutation]
 74706 | Abyss:2  | Gained mutation: Your mind is acute. (Int +2) [potion of
                  | mutation]
 74928 | Vaults:2 | Escaped the Abyss
 75014 | Vaults:2 | Reached skill level 21 in Spellcasting
 75311 | Vaults:2 | Found Pics's Weapon Shop.
 75392 | Vaults:2 | Found a radiant altar of Vehumet.
 75395 | Vaults:2 | Noticed Sojobo
 75397 | Vaults:2 | Killed Sojobo
 75834 | Vaults:2 | Reached XP level 21. HP: 128/128 MP: 43/43
 76427 | Vaults:3 | Noticed Boris
 76434 | Vaults:3 | Killed Boris
 76469 | Vaults:3 | Found a flickering gateway to a bazaar.
 76485 | Bazaar   | Entered a bazaar
 76634 | Bazaar   | Found Sogarala's Gadget Shop.
 76665 | Bazaar   | Found Dunidd's Gadget Shop.
 76687 | Bazaar   | Found Ydoim's Distillery.
 76713 | Bazaar   | Found Faessel's Distillery.
 76746 | Bazaar   | Bought a potion of resistance for 80 gold pieces
 76746 | Bazaar   | Bought 2 potions of heal wounds for 80 gold pieces
 76746 | Bazaar   | Bought a potion of curing for 24 gold pieces
 76746 | Bazaar   | Bought a potion of mutation for 64 gold pieces
 76746 | Bazaar   | Bought a potion of mutation for 64 gold pieces
 76768 | Bazaar   | Bought a potion of mutation for 136 gold pieces
 76768 | Bazaar   | Bought a potion of brilliance for 68 gold pieces
 77814 | Vaults:3 | Noticed Nikola
 77816 | Vaults:3 | Killed Nikola
 77968 | Vaults:3 | Found a staircase to the Crypt.
 78300 | Vaults:4 | Found Hoetieka's Weapon Shoppe.
 78394 | Vaults:4 | Found a portal to a secret trove of treasure.
 78437 | Vaults:4 | Found Kogaeluxu's Food Shoppe.
 78500 | Vaults:4 | Got a jewelled arbalest
 78506 | Vaults:4 | Identified the +9 arbalest of Ragnarok {elec, Stlth+} (You
                  | found it on level 4 of the Vaults)
 78556 | Vaults:4 | Found Uquener's Magic Scroll Shop.
 78565 | Vaults:4 | Bought a scroll of blinking for 120 gold pieces
 78565 | Vaults:4 | Bought a scroll of magic mapping for 56 gold pieces
 78860 | Vaults:4 | Reached skill level 15 in Dodging
 79944 | Vaults:4 | Reached XP level 22. HP: 137/137 MP: 20/44
 80283 | Vaults:4 | Found Evoschar's Gadget Emporium.
 80293 | Vaults:4 | Bought a wand of digging (16) for 480 gold pieces
 80503 | Vaults:4 | Reached skill level 5 in Ice Magic
 81045 | Vaults:4 | Reached skill level 10 in Evocations
 81339 | Vaults:4 | Found Puem's Weapon Shoppe.
 81752 | Orc:2    | Bought a potion of curing for 36 gold pieces
 81752 | Orc:2    | Bought a potion of curing for 36 gold pieces
 81752 | Orc:2    | Bought a potion of curing for 36 gold pieces
 82133 | D:2      | Found a glowing golden altar of the Shining One.
 82550 | Slime:1  | Entered Level 1 of the Pits of Slime
 83627 | Slime:1  | Gained mutation: You occasionally shout uncontrollably at
                  | your foes. [a shining eye]
 85503 | Slime:4  | Found a viscous altar of Jiyva.
 85506 | Slime:4  | Reached skill level 10 in Earth Magic
 85934 | Slime:5  | Entered Level 5 of the Pits of Slime
 85940 | Slime:5  | Noticed Dissolution
 85943 | Slime:5  | Killed Dissolution
 85945 | Slime:5  | Reached XP level 23. HP: 142/142 MP: 11/45
 86111 | Slime:5  | Noticed the Royal Jelly
 86434 | Slime:5  | Killed the Royal Jelly
 86921 | Slime:5  | Found the +4 skin of Zhor {rC+++}
 86945 | Slime:5  | Got a scintillating lapis lazuli ring
 87015 | Slime:5  | Got a slimy rune of Zot
 87251 | Slime:5  | Identified the ring "Posyweg" {rPois MR+ EV+3} (You found
                  | it on level 5 of the Pits of Slime)
 87270 | Slime:5  | Got a steaming halberd
 87271 | Slime:5  | Identified the +6 halberd "Ixemy" {chop, rElec rPois rC+}
                  | (You found it on level 5 of the Pits of Slime)
 87281 | Slime:5  | Got a pair of shimmering boots
 87282 | Slime:5  | Identified the +0 pair of boots of Eternal Night {rPois rF-
                  | Str+4} (You found it on level 5 of the Pits of Slime)
 87311 | Slime:5  | Got an encrusted helmet
 87322 | Slime:5  | Identified the +0 helmet of Uveqeaps {*Contam rC++ Str+5}
                  | (You found it on level 5 of the Pits of Slime)
 87345 | Slime:5  | Got a faintly glowing chain mail
 87346 | Slime:5  | Identified the +0 chain mail "Yklul" {rCorr Str+4 Dex-2}
                  | (You found it on level 5 of the Pits of Slime)
 88871 | Vaults:4 | You paid a toll of 17 potions of curing to enter a treasure
                  | trove
 88872 | Trove    | Entered a treasure trove
 89344 | Depths:1 | Entered Level 1 of the Depths
 89358 | Depths:1 | Found a sparkling altar of Nemelex Xobeh.
 89738 | Depths:1 | Found a gateway to a ziggurat.
 89745 | Depths:1 | Found a magical portal.
 89758 | WizLab   | Entered Iskenderun's Mystic Tower
 89767 | WizLab   | Learned a level 5 spell: Lee's Rapid Deconstruction
 91032 | WizLab   | Identified the Reference Book on Mutagenic Earth
 91032 | WizLab   | Identified the Compendium of Dislocation
 91093 | WizLab   | Identified Iskenderun's Volume of Conjuration
 91093 | WizLab   | Identified Iskenderun's Handbook of Arcane Weapons
 92060 | Depths:2 | Found a transporter.
 92268 | Depths:2 | Noticed Asterion
 92273 | Depths:2 | Killed Asterion
 92347 | Depths:2 | Found Feolotelu's General Store.
 92363 | Depths:2 | Reached skill level 5 in Necromancy
 92376 | Depths:2 | Bought a potion of curing for 54 gold pieces
 92405 | Depths:2 | Reached skill level 15 in Earth Magic
 92450 | Depths:2 | Reached skill level 10 in Charms
 92622 | Depths:2 | Found Nooloyzu's Antique Weapon Emporium.
 92695 | Depths:2 | Found a runed door.
 92733 | Depths:2 | Found Xaestruf's Gadget Shoppe.
 92760 | Depths:2 | Found Eshrolow's Gadget Emporium.
 92782 | Depths:2 | Found a shattered altar of Ashenzari.
 92902 | Depths:2 | Found Xonurchaxya's Assorted Antiques.
 92912 | Depths:2 | Bought a metal-bound book for 315 gold pieces
 92927 | Depths:2 | Found a one-way gate leading to the halls of Pandemonium.
 93226 | Depths:2 | Reached XP level 24. HP: 147/148 MP: 45/45
 94186 | Depths:3 | Noticed Saint Roka
 94190 | Depths:3 | Killed Saint Roka
 95900 | Depths:4 | Reached skill level 10 in Necromancy
 96217 | Depths:4 | Found a one-way gate to the infinite horrors of the Abyss.
 96649 | Depths:4 | Noticed a juggernaut
 97074 | Depths:4 | Learned a level 8 spell: Death's Door
 97201 | Depths:4 | Killed a juggernaut
 97545 | Depths:4 | Reached skill level 15 in Charms
 97671 | Depths:4 | Identified the Almanac of the Rocks
 97830 | Depths:5 | Entered Level 5 of the Depths
 97912 | Depths:5 | Reached XP level 25. HP: 152/152 MP: 27/45
 98477 | Depths:5 | Got an ancient garnet amulet
 98478 | Depths:5 | Identified the amulet "Reopaemu" {Spirit Str+2 Int+3
                  | Slay-4} (You found it on level 5 of the Depths)
 99252 | Depths:5 | Found a gate to the Realm of Zot.
 99379 | Depths:2 | Found a transporter.
 99935 | Vaults:5 | Entered Level 5 of the Vaults
100161 | Vaults:5 | Reached skill level 22 in Spellcasting
100161 | Vaults:5 | Found Qysetekupt's Food Shoppe.
100749 | Vaults:5 | Noticed an ancient lich
101306 | Vaults:5 | Reached XP level 26. HP: 158/158 MP: 35/46
101383 | Vaults:5 | Reached skill level 15 in Necromancy
101465 | Vaults:5 | Reached skill level 23 in Spellcasting
101486 | Vaults:5 | Killed an ancient lich
101815 | Vaults:5 | Noticed an ancient lich
101818 | Vaults:5 | Killed an ancient lich
101897 | Vaults:5 | Learned a level 7 spell: Spellforged Servitor
102012 | Vaults:5 | Identified the Compendium of Venomous Lightness
102111 | Vaults:5 | Found Viur's Food Shoppe.
102122 | Vaults:5 | Got a silver rune of Zot
102130 | Vaults:5 | Found Bomeg's Food Emporium.
102429 | Vaults:1 | Got a jet-encrusted leather armour
102430 | Vaults:1 | Identified the +2 leather armour of Negation {rPois rN++
                  | MR- Stlth+} (You found it on level 1 of the Vaults)
102904 | Zot:1    | Entered Level 1 of the Realm of Zot
102920 | Zot:1    | Reached skill level 1 in Summonings
104047 | Zot:2    | Reached skill level 15 in Evocations
104498 | Zot:1    | Reached skill level 5 in Summonings
105262 | Zot:2    | Reached skill level 24 in Spellcasting
105732 | Zot:3    | Slain by a tentacled monstrosity

Skill      XL: |  1  2  3  4  5  6  7  8  9 10 11 12 13 14 15 16 17 18 19 20 21 22 23 24 25 26 |
---------------+-------------------------------------------------------------------------------+-----
Conjurations   | 2 3 5 6 8 9 10 11 12 13 14 15 16 18 19 20 | 20.0
Fire Magic     | 4 5 6 7 8 9 10 11 12 13 14 15 16 17 18 19 20 | 20.0
Spellcasting   | 5 8 10 12 13 15 16 17 19 20 21 22 24 | 24.2
Dodging        | 4 6 9 11 12 13 15 17 | 17.1
Translocations | 2 |  2.0
Shields        | 2 4 |  4.0
Fighting       | 1 3 6 7 8 9 10 11 12 14 | 14.0
Stealth        | 6 7 |  7.2
Evocations     | 4 7 8 12 14 15 | 15.9
Ice Magic      | 2 3 4 7 |  7.0
Staves         | 4 |  4.1
Earth Magic    | 4 5 6 7 10 15 17 18 | 18.0
Necromancy     | 4 6 12 14 15 | 15.0
Charms         | 9 11 15 18 19 | 19.0
Air Magic      | 6 |  6.3
Summonings     | 6 |  6.0

Action                   |  1- 3 |  4- 6 |  7- 9 | 10-12 | 13-15 | 16-18 | 19-21 | 22-24 | 25-27 || total
-------------------------+-------+-------+-------+-------+-------+-------+-------+-------+-------++-------
Melee: Dagger            |     1 |     4 |       |       |       |     5 |       |       |       ||    10
       Falchion          |       |       |    58 |    59 |     1 |       |       |       |       ||   118
       Short sword       |       |       |       |    32 |       |       |       |       |       ||    32
       Blowgun           |       |       |       |       |     1 |       |       |       |       ||     1
       Staff             |       |       |       |       |       |    20 |    21 |       |       ||    41
 Fire: Hunting sling     |    30 |    39 |       |       |       |       |       |       |       ||    69
       Blowgun           |       |       |       |       |   247 |       |       |       |       ||   247
       Arbalest          |       |       |       |       |    45 |       |       |       |       ||    45
Throw: Stone             |       |     3 |    32 |    60 |     6 |       |       |       |       ||   101
 Cast: Flame Tongue      |    54 |   129 |   123 |   274 |   296 |    11 |     3 |     2 |       ||   892
       Sticky Flame      |       |     3 |    27 |   145 |   139 |    70 |     6 |     9 |     1 ||   400
       Conjure Flame     |       |       |     5 |     4 |     4 |       |       |       |       ||    13
       Fireball          |       |       |     9 |    52 |   254 |    90 |    31 |    24 |     9 ||   469
       Bolt of Fire      |       |       |       |       |   141 |   592 |   333 |   498 |   242 ||  1806
       Blink             |       |       |       |       |     4 |     2 |     1 |     1 |     6 ||    14
       Bolt of Cold      |       |       |       |       |    20 |       |       |    31 |    12 ||    63
       Borgnjor's Vile C |       |       |       |       |       |    48 |    15 |     3 |     8 ||    74
       Iron Shot         |       |       |       |       |       |    36 |    21 |    24 |    55 ||   136
       Deflect Missiles  |       |       |       |       |       |     1 |       |     2 |     2 ||     5
       Fire Storm        |       |       |       |       |       |       |    52 |    42 |    16 ||   110
       Lee's Rapid Decon |       |       |       |       |       |       |       |    29 |     5 ||    34
       Spellforged Servi |       |       |       |       |       |       |       |       |    24 ||    24
 Abil: Evoke Flight      |       |       |       |       |       |       |     1 |     2 |       ||     3
Evoke: Wand              |       |       |     5 |       |     1 |     2 |     4 |       |     1 ||    13
       Crystal ball of e |       |       |       |       |       |       |       |    44 |    47 ||    91
       Staff of energy   |       |       |       |       |       |       |       |       |     2 ||     2
  Use: Scroll            |     1 |     7 |     6 |    11 |    12 |    10 |    10 |    16 |    11 ||    84
       Potion            |       |     4 |       |       |     4 |     4 |     8 |       |     4 ||    24
  Eat: Chunk             |     1 |     6 |    12 |    18 |    22 |    18 |    33 |    22 |     8 ||   140
       Ration            |       |     3 |     3 |     7 |    16 |    16 |     4 |    12 |     5 ||    66
Armor: Robe              |     6 |    19 |    21 |    38 |    29 |    38 |    10 |    13 |    10 ||   184
Dodge: Dodged            |    10 |    79 |    82 |   294 |   262 |   304 |   138 |    57 |    89 ||  1315
       Deflected         |       |       |       |       |       |     1 |    21 |    14 |    19 ||    55
Block: Buckler           |       |       |       |    43 |    39 |    61 |    33 |    18 |    27 ||   221
       Reflection        |       |       |       |       |       |       |     6 |     2 |       ||     8
       Rpst.: Falchion   |       |       |    19 |    18 |       |       |       |       |       ||    37
